BSA
NASHVILLE G-STRINGS @ ST CHARLES SHEENS
08/27/2030
 
TOP OF THE 1ST
Nashville G-Strings batting - Pitching for St Charles Sheens : LHP Scott Davis
Pitching: LHP Scott Davis
Batting: RHB Eric Thompson 0-0: Called Strike
0-1: Called Strike
0-2: Fly out, F6 (Popup, 56D)
Batting: RHB Jesús Cabrera 0-0: Ball
1-0: Ground out 3-1 (Groundball, 34S)
Batting: SHB Jorge Flores 0-0: Ball
1-0: Called Strike
1-1: Foul Ball, location: 2F
1-2: Strikes out swinging
Top of the 1st over - 0 runs, 0 hits, 0 errors, 0 left on base; Nashville 0 - St Charles 0
BOTTOM OF THE 1ST
St Charles Sheens batting - Pitching for Nashville G-Strings : LHP Albert Lebel
Pitching: LHP Albert Lebel
Batting: RHB Miguel Palácios 0-0: Fly out, F9 (Flyball, 9LMF)
Batting: RHB Jesús Hernández 0-0: Called Strike
0-1: Ball
1-1: Ball
2-1: SINGLE (Groundball, 6D)
Batting: RHB Víctor Arredondo Pickoff Throw to First - Error! E1
Jesús Hernández to second
0-0: Called Strike
0-1: Ball
1-1: Ball
2-1: Called Strike
2-2: Ball
3-2: Foul Ball, location: 2F
3-2: SINGLE (Line Drive, 78S)
Jesús Hernández to third
Runner from 3rd tries for Home, SAFE, no throw
Batting: RHB Shawn Gutiérrez 0-0: Called Strike
0-1: Ball
1-1: Ball
2-1: Fly out, F9 (Flyball, 9S)
Batting: RHB Ramón Molina 0-0: Called Strike
0-1: Ball
1-1: Ball
2-1: Called Strike
2-2: Ball
3-2: Ground out 5-3 (Groundball, 5)
Bottom of the 1st over - 1 run, 2 hits, 1 error, 1 left on base; Nashville 0 - St Charles 1
TOP OF THE 2ND
Nashville G-Strings batting - Pitching for St Charles Sheens : LHP Scott Davis
Batting: SHB Rob Grun 0-0: Called Strike
0-1: Called Strike
0-2: Strikes out swinging
Batting: LHB Bob Cunningham 0-0: Ball
1-0: Foul Ball, location: 2F
1-1: Ball
2-1: Fly out, F8 (Flyball, 89D)
Batting: RHB Vicente Aguirre 0-0: Called Strike
0-1: Foul Ball, location: 2F
0-2: Ball
1-2: Strikes out swinging
Top of the 2nd over - 0 runs, 0 hits, 0 errors, 0 left on base; Nashville 0 - St Charles 1
BOTTOM OF THE 2ND
St Charles Sheens batting - Pitching for Nashville G-Strings : LHP Albert Lebel
Batting: SHB Henry Copeland 0-0: Ball
1-0: Ball
2-0: Ball
3-0: Base on Balls
Batting: RHB Lorenzo González 0-0: Ball
1-0: Fly out, F7 (Flyball, 7S)
Batting: RHB Lúcio Alfaro 0-0: Ball
1-0: Ball
2-0: Ball
3-0: Called Strike
3-1: Swinging Strike
3-2: Strikes out looking
Batting: RHB Salvador Rodríguez 0-0: Ball
1-0: Ball
2-0: Ball
3-0: Called Strike
3-1: Foul Ball, location: 2F
3-2: Foul Ball, location: 2F
3-2: Strikes out swinging, 2-3 out at first.
Bottom of the 2nd over - 0 runs, 0 hits, 0 errors, 1 left on base; Nashville 0 - St Charles 1
TOP OF THE 3RD
Nashville G-Strings batting - Pitching for St Charles Sheens : LHP Scott Davis
Batting: RHB Juan Costello 0-0: Foul Ball, location: 2F
0-1: Ball
1-1: Called Strike
1-2: Ball
2-2: Ground out 5-3 (Groundball, 5)
Batting: SHB Ricardo Arévalo 0-0: Foul Ball, location: 2F
0-1: Foul Ball, location: 2F
0-2: Fly out, F6 (Popup, 4MD)
Batting: LHB Miguel Rivería 0-0: Called Strike
0-1: Ball
1-1: Fly out, F9 (Flyball, 89S)
Top of the 3rd over - 0 runs, 0 hits, 0 errors, 0 left on base; Nashville 0 - St Charles 1
BOTTOM OF THE 3RD
St Charles Sheens batting - Pitching for Nashville G-Strings : LHP Albert Lebel
Batting: RHB Miguel Palácios 0-0: SINGLE (Line Drive, 89S)
Batting: RHB Jesús Hernández 0-0: Ball
1-0: Foul Ball, location: 2F
1-1: Ball
2-1: Ball
3-1: Grounds into double play, 5-4-3 (Groundball, 56)
Batting: RHB Víctor Arredondo 0-0: Called Strike
0-1: Reached on error, E4 (Groundball, 4M)
Batting: RHB Shawn Gutiérrez 0-0: Foul Ball, location: 2F
0-1: Ball
1-1: Fly out, F3 (Popup, 3S)
Bottom of the 3rd over - 0 runs, 1 hit, 1 error, 1 left on base; Nashville 0 - St Charles 1
TOP OF THE 4TH
Nashville G-Strings batting - Pitching for St Charles Sheens : LHP Scott Davis
Batting: RHB Eric Thompson 0-0: Ball
1-0: Ground out 5-3 (Groundball, 56S)
Batting: RHB Jesús Cabrera 0-0: Ball
1-0: Called Strike
1-1: Ball
2-1: Ground out 5-3 (Groundball, 56S)
Batting: SHB Jorge Flores 0-0: Called Strike
0-1: Fly out, F3 (Popup, 3F)
Top of the 4th over - 0 runs, 0 hits, 0 errors, 0 left on base; Nashville 0 - St Charles 1
BOTTOM OF THE 4TH
St Charles Sheens batting - Pitching for Nashville G-Strings : LHP Albert Lebel
Batting: RHB Ramón Molina 0-0: Called Strike
0-1: SINGLE (Flyball, 9LM)
Batting: SHB Henry Copeland 0-0: Called Strike
0-1: Called Strike
0-2: Ball
1-2: Strikes out swinging
Batting: RHB Lorenzo González 0-0: Foul Ball, location: 2F
0-1: Called Strike
0-2: Strikes out looking
Batting: RHB Lúcio Alfaro 0-0: Ball
1-0: Ground out U3 (Groundball, 34S)
Bottom of the 4th over - 0 runs, 1 hit, 0 errors, 1 left on base; Nashville 0 - St Charles 1
TOP OF THE 5TH
Nashville G-Strings batting - Pitching for St Charles Sheens : LHP Scott Davis
Batting: SHB Rob Grun 0-0: Foul Ball, location: 2F
0-1: Ball
1-1: Swinging Strike
1-2: Foul Ball, location: 2F
1-2: Foul Ball, location: 2F
1-2: Ball
2-2: Strikes out swinging, 2-3 out at first.
Batting: LHB Bob Cunningham 0-0: Ground out U3 (Groundball, 34)
Batting: RHB Vicente Aguirre 0-0: Ball
1-0: Ball
2-0: Called Strike
2-1: Foul Ball, location: 2F
2-2: Ball
3-2: Fly out, F8 (Flyball, 8LD)
Top of the 5th over - 0 runs, 0 hits, 0 errors, 0 left on base; Nashville 0 - St Charles 1
BOTTOM OF THE 5TH
St Charles Sheens batting - Pitching for Nashville G-Strings : LHP Albert Lebel
Batting: RHB Salvador Rodríguez 0-0: Called Strike
0-1: Foul Ball, location: 2F
0-2: Strikes out looking
Batting: RHB Miguel Palácios 0-0: Called Strike
0-1: Ball
1-1: Ball
2-1: SINGLE (Flyball, 7S)
Batting: RHB Jesús Hernández 0-0: Called Strike
0-1: Foul Ball, location: 2F
0-2: Ball
1-2: Strikes out swinging
Batting: RHB Víctor Arredondo 0-0: Ball
1-0: Swinging Strike
1-1: Ball
2-1: SINGLE (Groundball, 6MD)
Miguel Palácios to second
Runner from 2nd tries for 3rd, SAFE, throw made to third
Batting: RHB Shawn Gutiérrez 0-0: Ball
1-0: Ground out 1-3 (Groundball, 13S)
Bottom of the 5th over - 0 runs, 2 hits, 0 errors, 2 left on base; Nashville 0 - St Charles 1
TOP OF THE 6TH
Nashville G-Strings batting - Pitching for St Charles Sheens : LHP Scott Davis
Batting: RHB Juan Costello 0-0: Fly out, F8 (Flyball, 8LM)
Batting: SHB Ricardo Arévalo 0-0: Ground out 4-3 (Groundball, 4)
Batting: LHB Miguel Rivería 0-0: SINGLE (Line Drive, 4)
Batting: RHB Eric Thompson 0-0: Fly out, F2 (Popup, 25F)
Top of the 6th over - 0 runs, 1 hit, 0 errors, 1 left on base; Nashville 0 - St Charles 1
BOTTOM OF THE 6TH
St Charles Sheens batting - Pitching for Nashville G-Strings : LHP Albert Lebel
Batting: RHB Ramón Molina 0-0: Called Strike
0-1: Ball
1-1: Called Strike
1-2: Ground out 5-3 (Groundball, 56)
Batting: SHB Henry Copeland 0-0: Called Strike
0-1: Foul Ball, location: 2F
0-2: Ball
1-2: Fly out, F7 (Flyball, 7S)
Batting: RHB Lorenzo González 0-0: Ball
1-0: Swinging Strike
1-1: Called Strike
1-2: Ball
2-2: Fly out, F7 (Flyball, 7)
Bottom of the 6th over - 0 runs, 0 hits, 0 errors, 0 left on base; Nashville 0 - St Charles 1
TOP OF THE 7TH
Nashville G-Strings batting - Pitching for St Charles Sheens : LHP Scott Davis
Batting: RHB Jesús Cabrera 0-0: Ball
1-0: Ball
2-0: SINGLE (Line Drive, 4MD)
Batting: SHB Jorge Flores 0-0: Ball
1-0: Ball
2-0: Ball
3-0: Base on Balls
Jesús Cabrera to second
Batting: SHB Rob Grun 0-0: DOUBLE (Groundball, 5L)
Jesús Cabrera scores
Jorge Flores to third
Runner from 3rd tries for Home, SAFE, no throw
Batting: LHB Bob Cunningham 0-0: Ball
1-0: Foul Ball, location: 2F
1-1: Foul Ball, location: 2F
1-2: SINGLE (Groundball, 4MD)
Rob Grun to third
Runner from 3rd tries for Home, SAFE, throw made home
Batting: RHB Vicente Aguirre 0-0: Ball
1-0: Sac Bunt - play at first, batter OUT! 3-4
Bob Cunningham to second
Batting: RHB Juan Costello 0-0: Ball
1-0: Called Strike
1-1: Ball
2-1: Ball
3-1: Base on Balls
Batting: SHB Ricardo Arévalo 0-0: Foul Ball, location: 2F
0-1: Ball
1-1: Fly out, F8 (Flyball, 78D)
Pinch Hitting: RHB Sergio Márquez 0-0: Ball
1-0: Called Strike
1-1: Ball
2-1: Called Strike
2-2: Ball
3-2: Fly out, F9 (Line Drive, 89S)
Top of the 7th over - 3 runs, 3 hits, 0 errors, 2 left on base; Nashville 3 - St Charles 1
BOTTOM OF THE 7TH
St Charles Sheens batting - Pitching for Nashville G-Strings : LHP Albert Lebel
Pitching: RHP Barry Garner
Now in RF: Richard Olvera
Batting: RHB Lúcio Alfaro 0-0: Ball
1-0: Ball
2-0: Ball
3-0: Base on Balls
Batting: RHB Salvador Rodríguez 0-0: Ball
Wild Pitch!
Lúcio Alfaro to second
1-0: Foul Ball, location: 2F
1-1: Swinging Strike
1-2: Ball
2-2: Strikes out looking
Batting: RHB Miguel Palácios 0-0: Ball
1-0: Ground out 3-1 (Groundball, 34S)
Lúcio Alfaro to third
Batting: RHB Jesús Hernández 0-0: Foul Ball, location: 2F
0-1: Ball
1-1: Ball
2-1: Ground out 6-3 (Groundball, 6M)
Bottom of the 7th over - 0 runs, 0 hits, 0 errors, 1 left on base; Nashville 3 - St Charles 1
TOP OF THE 8TH
Nashville G-Strings batting - Pitching for St Charles Sheens : LHP Scott Davis
Batting: RHB Eric Thompson 0-0: Ball
1-0: Ball
2-0: Swinging Strike
2-1: Ball
3-1: Base on Balls
Batting: RHB Jesús Cabrera 0-0: Ball
1-0: Called Strike
1-1: Fielders Choice at 2nd, 4-6 (Groundball, 4)
Batting: SHB Jorge Flores 0-0: Ball
1-0: Ball
2-0: Foul Ball, location: 2F
2-1: Ball
3-1: SINGLE (Line Drive, 89M)
Jesús Cabrera to second
Pitching: RHP José González
Batting: SHB Rob Grun 0-0: Called Strike
0-1: Ball
1-1: Called Strike
1-2: Foul Ball, location: 2F
1-2: Ball
2-2: Ball
3-2: SINGLE (Line Drive, 7S)
Jesús Cabrera to third
Jorge Flores to second
Batting: LHB Bob Cunningham 0-0: Ball
1-0: Foul Ball, location: 2F
1-1: Grounds into double play, 5-2-3 (Groundball, 5)
Top of the 8th over - 0 runs, 2 hits, 0 errors, 2 left on base; Nashville 3 - St Charles 1
BOTTOM OF THE 8TH
St Charles Sheens batting - Pitching for Nashville G-Strings : RHP Barry Garner
Batting: RHB Víctor Arredondo 0-0: Ground out 5-3 (Groundball, 56)
Batting: RHB Shawn Gutiérrez 0-0: Ball
1-0: Called Strike
1-1: Ball
2-1: Swinging Strike
2-2: Ground out 6-3 (Groundball, 6)
Batting: RHB Ramón Molina 0-0: Called Strike
0-1: Ball
1-1: Called Strike
1-2: Ground out U3 (Groundball, 34S)
Bottom of the 8th over - 0 runs, 0 hits, 0 errors, 0 left on base; Nashville 3 - St Charles 1
TOP OF THE 9TH
Nashville G-Strings batting - Pitching for St Charles Sheens : RHP José González
Pitching: RHP Bob Martin
Batting: RHB Vicente Aguirre 0-0: Called Strike
0-1: Swinging Strike
0-2: Foul Ball, location: 2F
0-2: Ball
1-2: SINGLE (Groundball, 56D)
Batting: RHB Juan Costello 0-0: Called Strike
0-1: Sac Bunt - play at first, batter OUT! 5-3
Vicente Aguirre to second
Batting: SHB Ricardo Arévalo 0-0: Intentional Walk
Batting: LHB Richard Olvera 0-0: Called Strike
0-1: Ball
1-1: Ball
2-1: Fly out, F8 (Flyball, 8RD)
Batting: RHB Eric Thompson 0-0: Ball
1-0: Ball
2-0: Called Strike
2-1: Foul Ball, location: 2F
2-2: Fly out, F8 (Flyball, 8LM)
Top of the 9th over - 0 runs, 1 hit, 0 errors, 2 left on base; Nashville 3 - St Charles 1
BOTTOM OF THE 9TH
St Charles Sheens batting - Pitching for Nashville G-Strings : RHP Barry Garner
Pitching: RHP Mario Machado
Batting: SHB Henry Copeland 0-0: Called Strike
0-1: Ball
1-1: Ball
2-1: Fly out, F8 (Flyball, 8LXD)
Batting: RHB Lorenzo González 0-0: Foul Ball, location: 2F
0-1: Ball
1-1: Foul Ball, location: 2F
1-2: Ball
2-2: Ball
3-2: Base on Balls
Batting: RHB Lúcio Alfaro 0-0: Swinging Strike
0-1: Foul Ball, location: 2F
0-2: Ball
1-2: Strikes out looking
Batting: RHB Salvador Rodríguez 0-0: SINGLE (Line Drive, 7S)
Lorenzo González to second
Batting: RHB Miguel Palácios 0-0: Ball
1-0: SINGLE (Groundball, 5D)
Lorenzo González to third
Salvador Rodríguez to second
Batting: RHB Jesús Hernández 0-0: Foul Ball, location: 2F
0-1: Ball
1-1: Fielders Choice at 2nd, 5-4 (Groundball, 56)
Bottom of the 9th over - 0 runs, 2 hits, 0 errors, 3 left on base; Nashville 3 - St Charles 1
Saturday, April 7th, 2018 - OOTP Baseball 18.8 Build 76